 Dungeon Crawl Stone Soup version 0.30.1-4-g462c640d31 (webtiles) character file.

Game seed: 18028054252816414421

3829 spardeous the Destroyer (level 9, -5/62 HPs)
             Began as a Demigod Conjurer on Aug 18, 2023.
             Slain by an orc knight
             ... wielding a +0 war axe
              (16 damage)
             ... in a bailey on Aug 19, 2023.
             The game lasted 00:15:54 (11677 turns).

spardeous the Destroyer (Demigod Conjurer)         Turns: 11677, Time: 00:15:54

Health: -5/62      AC:  8    Str: 16    XL:     9   Next: 65%
Magic:  19/25      EV: 10    Int: 24    God:
Gold:   826        SH: 10    Dex: 12    Spells: 17/24 levels left

rFire   . . .        o - +1 dagger of Disgust {flame, Will+ rCorr}
rCold   . . .        a - +2 buckler
rNeg    . . .        y - +0 ring mail
rPois   .            n - +0 helmet
rElec   .            M - +0 cloak
rCorr   +            x - +0 pair of gloves
SInv    .            (no boots)
Will    +....        c - amulet of reflection
Stlth   +            G - ring of resist corrosion
HPRegen 0.30/turn    (no ring)
MPRegen 0.19/turn

%: reflection
@: no status effects
A: high MP 1, forlorn, divine attributes
a: no special abilities


You were in a bailey.
You visited 1 branch of the dungeon, and saw 7 of its levels.
You also visited: Sewer, Ossuary and Bailey.

You collected 826 gold pieces.

Inventory:

Hand Weapons
 o - the +1 dagger of Disgust (weapon) {flame, Will+ rCorr}
   (You took it off a kobold in a bailey)

   rCorr:     It protects you from acid and corrosion.
   Will:      It increases your willpower.
 s - a +0 war axe
Missiles
 E - 3 throwing nets
Armour
 a - a +2 buckler (worn)
 n - a +0 helmet (worn)
 x - a +0 pair of gloves (worn)
 y - a +0 ring mail (worn)
 M - a +0 cloak (worn)
Jewellery
 c - an amulet of reflection (around neck)
 z - a ring of ice
 G - a ring of resist corrosion (left hand)
Wands
 k - a wand of flame (44)
Scrolls
 d - 6 scrolls of teleportation {unknown}
 e - 2 scrolls of poison {unknown}
 f - 2 scrolls of magic mapping {unknown}
 g - 3 scrolls of amnesia {unknown}
 i - 8 scrolls of identify {unknown}
 j - a scroll of enchant weapon {unknown}
 l - 3 scrolls of enchant armour {unknown}
 p - a scroll of butterflies {unknown}
 r - 2 scrolls of noise {unknown}
 t - 2 scrolls of vulnerability {unknown}
 u - 2 scrolls of torment {unknown}
 w - 2 scrolls of immolation {unknown}
 F - a scroll of fog {unknown}
 J - a scroll of fear {unknown}
 K - a scroll of brand weapon {unknown}
Potions
 h - a potion of attraction {unknown}
 m - 5 potions of heal wounds
 q - a potion of mutation {unknown}
 v - 2 potions of flight {unknown}
 A - 2 potions of curing
 B - a potion of lignification {unknown}
 C - a potion of degeneration {unknown}
 D - a potion of resistance {unknown}
 H - a potion of might {unknown}
 I - 2 potions of invisibility {unknown}
 L - a potion of haste {unknown}


   Skills:
 - Level 1.7 Dodging
 - Level 1.7 Stealth
 + Level 8.2 Spellcasting
 - Level 9.4 Conjurations
 - Level 4.7 Translocations


You had 17 spell levels left.
You knew the following spells:

 Your Spells              Type           Power      Damage    Failure   Level
a - Magic Dart            Conj           100%       1d8       1%          1
b - Searing Ray           Conj           100%       2d8       1%          2
c - Iskenderun's Mystic   Conj/Tloc      43%        2d10      9%          4

Your spell library contained the following spells:

 Spells                   Type           Power      Damage    Failure   Level
 Dazzling Flash           Conj/Hex       64%        N/A       7%          3
 Summon Small Mammal      Summ           36%        N/A       17%         1
 Fulminant Prism          Conj/Hex       16%        3d10      24%         4
 Call Canine Familiar     Summ           9%         N/A       45%         3
 Summon Guardian Golem    Hex/Summ       9%         N/A       45%         3
 Olgreb's Toxic Radiance  Pois           9%         N/A       86%         4
 Discord                  Hex            4%         N/A       100%        8
 Ignition                 Fire           4%         3d4       100%        8


Dungeon Overview and Level Annotations

Branches:
Dungeon (7/15)             Temple (0/1) D:4           Sewer (visited)
Ossuary (visited)          Bailey (1/1)


Innate Abilities, Weirdness & Mutations

You have an increased reservoir of magic. (+10% MP)
You shall have no god before yourself.
Your divine heritage dramatically boosts your attributes as you level up.


Message History

The orc warrior slams into the stone wall!
The orc warrior is almost dead.
You now have 0/25 mp.
The orc warrior misses you.
There is an empty arch of ancient stone here.
Things that are here:
a +0 war axe; a +0 chain mail; an orc corpse The orc warrior throws an atropa-tipped dart.
The atropa-tipped dart barely misses you.
The orc knight roars a battlecry!
The orc warrior goes into a battle-frenzy!
The orc warrior throws an atropa-tipped dart.
You block the atropa-tipped dart with an invisible shield... and reflect it back!
The atropa-tipped dart hits the orc warrior.
The orc warrior appears confused.
The orc warrior cries, "My head!
MY HEAD!!!"
The orc warrior seems less confused.
Okay, then.
Okay, then.
Magic courses through your body. You block the orc warrior's attack.
You regained 22 mp, and now have 23/25 mp.
The orc warrior is no longer blind.
The orc warrior hits you with the +0 trident of Callousness {freeze, rElec}!!
* * * LOW HITPOINT WARNING * * *
The orc warrior freezes you.
* * * LOW HITPOINT WARNING * * *
You block the orc knight's attack.
There is an empty arch of ancient stone, spattered with blood here.
Things that are here:
a +0 war axe; a +0 chain mail; an orc corpse You take 26 damage, and have 10/62 hp.
MASSIVE DAMAGE!!
Casting: Iskenderun's Mystic Blast (dangerous; 9% risk of failure)
Confirm with . or Enter, or press ? or * to list all spells.
You erupt in a blast of force!
The mystic blast hits the orc warrior but does no damage.
The orc warrior is almost dead.
The mystic blast hits the orc knight but does no damage.
The orc warrior barely misses you.
The orc knight hits you with a +0 war axe!
You die...

##~.......~##
####...####
#..)# #...#
#.))# ##'''##
##..∩..##
#..o....#
#...@...#
##...o.##
#######


You could see an orc knight and an orc warrior (strong).

Vanquished Creatures
  Pikel (D:6)
  Sigmund (D:2)
  Menkaure (D:6)
  2 black bears (D:6)
  3 orc warriors (Bailey)
  2 ice beasts
  2 ogres
  3 centaurs
  4 lemures
  11 kobold brigands
  Blork the orc (D:4)
  A bullfrog (D:6)
  2 scorpions
  A centaur zombie (Ossuary)
  2 jellies
  4 hounds
  A human zombie (Ossuary)
  Crazy Yiuf (D:2)
  An orc priest (D:5)
  A gnoll bouda (D:6)
  A sleepcap (D:6)
  3 iguanas
  Natasha (thrice) (D:2)
  4 orc wizards
  3 mummies (Ossuary)
  16 gnolls
  7 river rats
  5 adders
  An ufetubus (D:5)
  3 adder zombies (Ossuary)
  7 worms
  A dart slug (D:1)
  31 orcs
  10 endoplasms
  5 giant cockroaches
  3 gnoll zombies (Ossuary)
  6 hobgoblins
  4 quokkas
  9 ball pythons
  4 bats
  A frilled lizard (D:2)
  14 goblins
  4 goblin zombies (Ossuary)
  2 hobgoblin zombies (Ossuary)
  4 jackal zombies (Ossuary)
  18 kobolds
  6 kobold zombies (Ossuary)
  4 orc zombies (Ossuary)
  4 quokka zombies (Ossuary)
  12 rats
  5 rat zombies (Ossuary)
245 creatures vanquished.

Notes
Turn   | Place    | Note
-------+----------+-------------------------------------------
     0 | D:1      | spardeous the Demigod Conjurer began the quest for the Orb.
     0 | D:1      | Reached XP level 1. HP: 14/14 MP: 5/5
   323 | D:1      | Reached skill level 4 in Conjurations
   419 | D:1      | Reached XP level 2. HP: 13/20 MP: 1/7
   728 | D:2      | Learned a level 2 spell: Searing Ray
   798 | D:2      | Noticed Natasha
   805 | D:2      | Killed Natasha
   806 | D:2      | Reached XP level 3. HP: 17/26 MP: 0/8
  1015 | D:2      | Noticed Natasha
  1018 | D:2      | Killed Natasha
  1019 | D:2      | Reached skill level 5 in Conjurations
  1085 | D:2      | Noticed Natasha
  1093 | D:2      | Killed Natasha
  1094 | D:2      | Reached XP level 4. HP: 25/33 MP: 0/9
  1560 | D:2      | Found a runed translucent door.
  1562 | D:2      | Noticed Crazy Yiuf
  1613 | D:2      | Noticed Sigmund
  1940 | D:2      | Killed Sigmund
  1941 | D:2      | Reached skill level 6 in Conjurations
  1941 | D:2      | Reached XP level 5. HP: 38/38 MP: 1/10
  2891 | D:3      | Reached skill level 7 in Conjurations
  2891 | D:3      | Reached XP level 6. HP: 45/45 MP: 4/11
  3480 | D:4      | Noticed Blork the orc
  3488 | D:4      | Killed Blork the orc
  3520 | D:4      | Found a sand-covered staircase.
  3557 | Ossuary  | Entered an ossuary
  4415 | Ossuary  | Learned a level 4 spell: Iskenderun's Mystic Blast
  4911 | D:4      | Reached skill level 8 in Conjurations
  4911 | D:4      | Reached skill level 1 in Translocations
  4911 | D:4      | Reached XP level 7. HP: 38/50 MP: 6/12
  5205 | D:4      | Found a staircase to the Ecumenical Temple.
  5554 | D:4      | Identified the +1 quarterstaff "Vomesiann" {antimagic,
                  | *Rage *Noise rElec Dex+2 SInv}
  6194 | D:4      | Found a staircase to the Ecumenical Temple.
  6517 | D:5      | Entered Level 5 of the Dungeon
  6867 | D:5      | Found a glowing drain.
  6930 | Sewer    | Entered a sewer
  7320 | Sewer    | Reached XP level 8. HP: 57/57 MP: 9/13
  7387 | Sewer    | Reached skill level 9 in Conjurations
  9009 | D:2      | Killed Crazy Yiuf
  9447 | D:6      | Noticed Pikel
  9815 | D:6      | Killed Pikel
  9816 | D:6      | Reached skill level 5 in Spellcasting
  9816 | D:6      | Reached XP level 9. HP: 37/62 MP: 10/20
 10240 | D:6      | Noticed Menkaure
 10757 | D:6      | Killed Menkaure
 11120 | D:7      | Found a flagged portal.
 11196 | Bailey   | Entered a bailey
 11371 | Bailey   | Identified the +1 dagger of Disgust {flame, Will+ rCorr}
 11511 | Bailey   | Noticed an orc knight
 11608 | Bailey   | Identified the +0 trident of Callousness {freeze, rElec}
 11608 | Bailey   | Identified the +5 plate armour of Sunlight {*Corrode rElec
                  | rPois Will+}
 11677 | Bailey   | Slain by an orc knight

Illustrated notes

Levels and vault maps discovered:
D:1:      heliophobic_arrival_battle_scene, layout_rooms,
          shapermc_ecumenical_altar_notcrosses
D:2:      cheibrodos_old_hovel, layout_rooms, serial_forest,
          infiniplex_forest_clump_large, infiniplex_forest_clump_tiny,
          infiniplex_forest_3_way, infiniplex_forest_lined_3_way,
          infiniplex_forest_straight_1, infiniplex_forest_split,
          infiniplex_forest_lined_1, infiniplex_forest_clump_large,
          minmay_pentomino_u4, uniq_natasha, uniq_sigmund,
          uniq_crazy_yiuf_cottage
D:3:      layout_basic
D:4:      layout_loops_ring, minmay_temple_entry_statues_pillars,
          nicolae_ossuary_entry_monument, uniq_blork_the_orc
D:5:      layout_basic, portal_sewer_entry_a, kennysheep_pointless_box,
          grunt_decor_resistance
D:6:      layout_gridville, grunt_temple_overflow_cloverleaf, hex_medium,
          uniq_menkaure, uniq_pikel
D:7:      layout_basic, mainiacjoe_overflow_alcove_1, enter_bailey_5,
          serial_curves, eino_curves_03, eino_curves_04, eino_curves_04,
          eino_curves_01, corexii_leaking_fountain, nicolae_titane, uniq_duvessa
Bailey:   bailey_axe_3, bailey

Skill      XL: |  1  2  3  4  5  6  7  8  9 |
---------------+----------------------------+-----
Conjurations   | 4 5 6 7 8 9 |  9.4
Translocations | 1 3 4 |  4.7
Spellcasting   | 5 8 |  8.2
Dodging        | |  1.7
Stealth        | |  1.7

Action                     |  1- 3 |  4- 6 |  7- 9 || total
---------------------------+-------+-------+-------++-------
  Melee: War axe           |       |     6 |     4 ||    10
         Dagger            |       |       |     4 ||     4
   Cast: Magic Dart        |    64 |   130 |   112 ||   306
         Searing Ray       |       |    21 |    86 ||   107
         Iskenderun's Myst |       |       |    22 ||    22
    Use: Potion            |       |       |     2 ||     2
 Armour: Ring mail         |       |    17 |    48 ||    65
  Dodge: Dodged            |     3 |    26 |    85 ||   114
  Block: Other             |     3 |    10 |    24 ||    37
         Reflection        |       |     1 |    19 ||    20
         Buckler           |       |       |    28 ||    28
